 Dungeon Crawl Stone Soup version 0.24-a0-416-g56ce5178b7 (webtiles) character file.

Game seed: 13762100599470925476

4 Amnesiac the Insei (level 1, -2/13 HPs)
             Began as an Octopode Transmuter on June 8, 2019.
             Slain by a kobold
             ... wielding a cursed -3 club
              (3 damage)
             ... on level 1 of the Dungeon.
             The game lasted 00:00:13 (51 turns).

Amnesiac the Insei (Octopode Transmuter)              Turns: 51, Time: 00:00:14

Health: -2/13      AC:  1    Str:  9    XL:     1   Next: 70%
Magic:  3/3        EV: 13    Int: 15    God:
Gold:   14         SH:  0    Dex: 12    Spells: 3/4 levels left

rFire    . . .     SeeInvis .     - Unarmed
rCold    . . .     Gourm    .   (no shield)
rNeg     . . .     Faith    .   (helmet restricted)
rPois    .         Spirit   .   (no amulet)
rElec    .         Reflect  .   (no ring)
rCorr    .         Harm     .   (no ring)
MR       .....                  (no ring)
Stlth    ++........             (no ring)
HPRegen  0.04/turn              (no ring)
MPRegen  0.08/turn              (no ring)
                                (no ring)
                                (no ring)

@: no status effects
A: almost no armour, stealthy swim, amphibious, 8 rings, constrict 8, camouflage
1, gelatinous body 1
a: no special abilities


You were on level 1 of the Dungeon.
You were not hungry.

You visited 1 branch of the dungeon, and saw 1 of its levels.

You collected 14 gold pieces.

Inventory:

Missiles
 a - 12 arrows
Scrolls
 b - a scroll of identify {!r, unknown}
 d - a scroll of fog {!r, unknown}
Comestibles
 c - a ration
 f - a chunk of flesh


   Skills:
 - Level 1.0 Fighting
 - Level 2.0 Dodging
 - Level 3.0 Unarmed Combat
 - Level 2.0 Spellcasting
 + Level 2.4 Transmutations


You had 3 spell levels left.
You knew the following spells:

 Your Spells              Type           Power        Failure   Level  Hunger
a - Beastly Appendage     Tmut           #.....       9%          1    #......

Your spell library contained the following spells:

 Spells                   Type           Power        Failure   Level  Hunger
 Sticks to Snakes         Tmut           #.......     12%         2    ###....
 Spider Form              Tmut/Pois      #.........   38%         3    ###....
 Ice Form                 Ice/Tmut       #.......     80%         4    #####..
 Blade Hands              Tmut           #.........   92%         5    ######.


Dungeon Overview and Level Annotations

Branches:
Dungeon (1/15)

Altars:


Innate Abilities, Weirdness & Mutations

You cannot wear most types of armour.
You are very stealthy in the water. (Stealth+)
You are amphibious.
You can wear up to eight rings at the same time.
You can use your tentacles to constrict eight enemies at once.
Your skin changes colour to match your surroundings (Stealth+).
Your rubbery body absorbs attacks. (AC +1, EV +1)


Message History

The rat closely misses you.
You tentacle-slap the rat.
You kill the rat!
No target in view!
You butcher the rat corpse.
f - a chunk of flesh You see here a rat skeleton. x2
A dart slug comes into view.
A dart slug is nearby!
The helpless dart slug fails to defend itself.
You tentacle-slap the dart slug. You grab the dart slug.
You squeeze the dart slug, but do no damage.
The dart slug is severely wounded.
You constrict the dart slug. The dart slug launches a dart at you.
The slug dart misses you.
You tentacle-slap the dart slug.
You kill the dart slug!
No target in view!
No target in view!
You now have 14 gold pieces.
A goblin comes into view. It is wielding a +0 dagger.
Found 4 gold pieces.
A goblin is nearby!
A goblin is nearby!
A goblin is nearby!
The helpless goblin fails to defend itself.
You tentacle-slap the goblin.
The goblin is moderately wounded.
The goblin completely misses you.
A goblin is nearby!
You barely miss the goblin.
The goblin is moderately wounded.
The goblin hits you with a +0 dagger.
A goblin is nearby!
You closely miss the goblin. You grab the goblin. You squeeze the goblin.
The goblin is severely wounded.
You constrict the goblin.
You kill the goblin!
A hobgoblin comes into view. It is wielding a +0 club.
Things that are here:
a +0 dagger; a goblin corpse You see here 4 gold pieces.
A hobgoblin is nearby!
A kobold comes into view. It is wielding a -3 club.
The hobgoblin shouts!
The kobold shouts!
The hobgoblin barely misses you.
There are monsters nearby!
You completely miss the hobgoblin. The hobgoblin hits you with a +0 club.
* * * LOW HITPOINT WARNING * * *
You tentacle-slap the hobgoblin but do no damage.
The kobold barely misses you. The hobgoblin completely misses you.
You closely miss the hobgoblin. You grab the hobgoblin.
You constrict the hobgoblin, but do no damage.
The hobgoblin hits you with a +0 club.
* * * LOW HITPOINT WARNING * * *
The kobold hits you but does no damage.
You are too injured to fight recklessly!
You are too injured to fight recklessly!
You tentacle-slap the hobgoblin.
The hobgoblin is heavily wounded.
You constrict the hobgoblin.
The kobold hits you with a cursed -3 club.
You die...

#..##### #.......
#..... #.... #..# ...
###..# .. #####....#
..# #.$)..#..# ..#
#@#####..####..#
#..g.K..##........#
#.##.##..#........###
# #.# ##...........
#.# #..###...... #..
#..# #...... ... #..#
#..#### ### #..###..#
#.......#


You could see a hobgoblin and a kobold.

Vanquished Creatures
  A dart slug (D:1)
  A goblin (D:1)
  A rat (D:1)
3 creatures vanquished.

Notes
Turn   | Place    | Note
-------+----------+-------------------------------------------
     0 | D:1      | Amnesiac the Octopode Transmuter began the quest for the
                  | Orb.
     0 | D:1      | Reached XP level 1. HP: 13/13 MP: 3/3
    51 | D:1      | Slain by a kobold

Levels and vault maps discovered:
D:1:      dpeg_arrival_boxorama, layout_loops_cross

Action                   || total
-------------------------++-------
Melee: Unarmed           ||    11
       Constrict         ||     4
       Tentacles         ||     2
 Stab: Sleeping          ||     2
Armor: Skin              ||     1
Dodge: Dodged            ||     6

Table legend:
 A = Non-vault XP
 B = Vault XP
 C = Vault XP percentage of total XP
 D = Non-vault monster count
 E = Vault monster count
 F = Vault count percentage of total count
                 A         B        C        D         E       F
            +---------+---------+-------+---------+---------+-------
      Total |       7 |       0 |   0.0 |       3 |       0 |   0.0
            +---------+---------+-------+---------+---------+-------
        D:1 |       7 |       0 |   0.0 |       3 |       0 |   0.0
            +---------+---------+-------+---------+---------+-------
